← All builds
Front / Legion / Economy first / OBSERVED BUILD

Standard front

Legion Front build order · Supreme Isthmus

Builds a Legion Vehicle Plant immediately, fights with Lance and Barrage toward middle, and takes an Advanced Metal Extractor around 9:22 as the standard eco-first Front play.

#eco · 56 distinct matches · 24 players · 81% of Legion Front games · team won 58% of 59 · Recently observed

HOW TO PLAY IT

Key timing: Legion Vehicle Plant by 0:55

  1. Take mex and wind, then rush Legion Vehicle Plant immediately.
  2. Finish Legion Vehicle Plant fast to start Barrage and Lance.
  3. Send first units to the coast to stop leaks, not middle.
  4. Push Barrage and Lance to the coast line before moving to mid.
  5. Add Advanced Metal Extractor and keep mixed vehicle army flowing.

Phase by phase

TYPICAL OF ITS 56 GAMES
  1. 1
  2. 2
  3. 3
PLAY THE OPENING

Follow the example game's first 6:00 step by step: what to build now, what comes next, and where it goes. At 1× it keeps pace with your own game.

  1. 1

    Up to the Legion Vehicle Plant

    Economy
    • Metal Extractor2Mex
    • Wind Turbine1Wind
    Order
    1. Legion Vehicle PlantLegion Vehicle Plant after 2 mex, 1 winddone ~0:47, middle half 0:37–0:55

    By 0:24 in all: 2 mex · 1 wind

    The example game in this phase · 2 steps
    1. Mex ×2
    2. Legion Vehicle PlantLegion Vehicle Plantdone 0:37 · typical 0:47
  2. 2

    Legion Vehicle Plant to 5:00

    Economy
    • Metal Extractor4Mex
    • Wind Turbine7Wind
    Builders
    • Legion Construction Vehicle2 Legion Construction Vehicle
    Army
    • Pharos3 Pharos
    • Wheelie3 Wheelie
    • Lance3 Lance
    • Barrage2 Barrage

    Some games also: Decurion (47%) · con turret (41%) · Radar Tower (37%)

    By 5:00 in all: 6 mex · 8 wind

    The example game in this phase · 23 steps
    1. AlarisAlaris
    2. Wind ×2
    3. AlarisAlaris
    4. Wind
    5. Legion Construction VehicleLegion Construction Vehicle
    6. Mex
    7. Legion Construction VehicleLegion Construction Vehicle ×2
    8. HeliosHelios ×2
    9. Mex
    10. Wind
    11. DecurionDecurion
    12. PharosPharos
    13. Wind
    14. PharosPharos
    15. DecurionDecurion
    16. Mex
    17. Wind
    18. DecurionDecurion
    19. LanceLance
    20. Mex
    21. LanceLance ×3
    22. Dragon's JawDragon's Jaw
    23. LanceLance ×2
  3. 3

    5:00 to 10:00

    Economy
    • Metal Extractor1Mex
    • Wind Turbine17Wind
    Builders
    • Construction Turret1 Con turret
    Army
    • Pharos2 Pharos
    • Lance3 Lance

    Some games also: Decurion (46%) · Legion Construction Vehicle (46%) · energy storage (42%) · Radar Tower (41%) · Barrage (39%)

    By 10:00 in all: 7 mex · 24 wind · 1 energy storage · 2 con turret

    The example game in this phase · 64 steps
    1. LanceLance ×2
    2. Wind
    3. LanceLance
    4. Wind
    5. LanceLance
    6. Legion Construction VehicleLegion Construction Vehicle ×2
    7. Wind
    8. Con turret
    9. LanceLance
    10. Wind
    11. AmputatorAmputator
    12. LanceLance
    13. Wind
    14. LanceLance
    15. Wind
    16. LanceLance
    17. Wind ×3
    18. LanceLance
    19. Wind ×2
    20. LanceLance
    21. DecurionDecurion
    22. Wind
    23. Dragon's JawDragon's Jaw
    24. DecurionDecurion
    25. Wind ×2
    26. DecurionDecurion
    27. Wind ×5
    28. DecurionDecurion
    29. Wind
    30. Advanced Metal ExtractorT2 mexdone 11:06
    31. DecurionDecurion
    32. Wind
    33. Con turret
    34. DecurionDecurion
    35. Radar TowerRadar Tower
    36. Wind
    37. Con turret
    38. Advanced Metal ExtractorT2 mex
    39. DecurionDecurion
    40. Wind ×2
    41. DecurionDecurion
    42. Advanced Metal ExtractorT2 mex
    43. Wind
    44. Energy storage
    45. DecurionDecurion
    46. Wind
    47. DecurionDecurion
    48. HeliosHelios ×2
    49. Wind
    50. HeliosHelios ×4
    51. Wind
    52. PersecutorPersecutordone 14:30
    53. HeliosHelios
    54. Wind ×5
    55. WheelieWheelie
    56. Wind ×4
    57. WheelieWheelie ×5
    58. Wind
    59. T2 converter
    60. WheelieWheelie
    61. Wind
    62. WheelieWheelie
    63. Wind
    64. WheelieWheelie

Counts are medians over the build's games: half of them build more, half fewer. The example game is IhavenoIQ's (33 OS, 13/09/2026); pick another.

Team trades

IN AT LEAST 30% OF ITS GAMES

You hand over

Nothing regular.

You get

  • Tidal Generator4 Tidal from Pondfirst at 0:15 · in 39% of games
  • Tidal Generator4 Tidal from Pondfirst at 0:17 · in 34% of games
  • Advanced Construction Bot1 T2 con bot from Geo or Techfirst at 7:21 · in 46% of games

How it plays out

Typical game of this build, running totals by minute

Metal produced

010k20k30k
0:005:0010:0015:00

metal

Enemy metal destroyed

02.5k5k7.5k
0:005:0010:0015:00

metal

Own metal lost

05k10k
0:005:0010:0015:00

metal

59 games.

Show as table
ByMetal produced: This buildEnemy metal destroyed: This buildOwn metal lost: This build
1:0033000
2:008382123
3:0016389369
4:002737275204
5:003791660400
6:0049471490930
7:00609523701439
8:00734930131961
9:00889037552931
10:001041143813770
11:001252947474213
12:001457657794939
13:001624661086040
14:001891267966680
15:002093572128266
WHAT THE NUMBERS SAY

Standard front play, won more often than the other front position's economy-first build with less metal produced.

  • + Won 59% of games despite producing less metal than Geo sea's build.
  • − Loses more metal early than it destroys (333 lost vs 602 destroyed by 5:00 is the only positive window).
THE EXAMPLE YOU ARE READING

IhavenoIQ

33.3 OS · 13/09/2026

Open source match ↗

5 received units · includes a constructor
135 metal received · 11428 energy received

Allied construction assistance is unknown. Timings are observations, not a promise of solo reproducibility.

Typical milestones

Legion Vehicle Plant0:47Middle 50%: 0:37–0:55 · n=42
Advanced Metal Extractor9:13Middle 50%: 8:38–10:20 · n=39

Played most by

Hummell13games of this buildXuunnY8games of this buildXXMACGAMERXX5games of this build[Crd]Atlas4games of this buildTheGeneraI3games of this build